 Dungeon Crawl Stone Soup version 0.24-a0-67-ga78bd38 (webtiles) character file.

Game seed: 14950562223696880365

47 Kairos the Conjurer (level 3, 0/16 HPs)
             Began as a Vine Stalker Conjurer on Feb 5, 2019.
             Slain by a sky beast (4 damage)
             ... on level 3 of the Dungeon.
             The game lasted 00:03:46 (1525 turns).

Kairos the Conjurer (Vine Stalker Conjurer)         Turns: 1525, Time: 00:03:47

Health: 0/16       AC:  3    Str: 11    XL:     3   Next: 70%
Magic:  0/7        EV: 12    Int: 15    God:
Gold:   72         SH:  0    Dex: 14    Spells: 5/6 levels left

rFire    . . .     SeeInvis .   b - +0 whip (elec)
rCold    . . .     Gourm    .   (no shield)
rNeg     . . .     Faith    .   a - +0 robe
rPois    .         Spirit   +   n - +0 helmet
rElec    .         Reflect  .   (no cloak)
rCorr    .         Harm     .   (no gloves)
MR       .....                  (no boots)
Stlth    ++........             i - amulet of rage
HPRegen  0.05/turn              (no ring)
MPRegen  0.10/turn              (no ring)

@: no status effects
A: fangs 2, magic shield, antimagic bite, no potion heal 3, rot immunity
a: Evoke Berserk Rage


You were on level 3 of the Dungeon.
You were hungry.

You visited 1 branch of the dungeon, and saw 3 of its levels.

You collected 72 gold pieces.

Inventory:

Hand Weapons
 b - a +0 whip of electrocution (weapon)
 o - a +0 hunting sling
Armour
 a - a +0 robe (worn)
 n - a +0 helmet (worn)
Jewellery
 i - an amulet of rage (around neck)
Scrolls
 e - a scroll of fog {unknown}
 g - a scroll of remove curse {unknown}
 h - 4 scrolls of enchant weapon {unknown}
 j - 2 scrolls of identify {unknown}
 k - 3 scrolls of immolation {unknown}
Potions
 d - a potion of agility {unknown}
 f - 2 potions of magic {unknown}
 l - a potion of cancellation {unknown}
 m - a potion of flight {unknown}
Comestibles
 c - 3 rations


   Skills:
 + Level 1.1 Maces & Flails
 + Level 1.7 Dodging
 + Level 2.5 Stealth
 + Level 2.2 Spellcasting
 + Level 4.8 Conjurations


You had 5 spell levels left.
You knew the following spells:

 Your Spells              Type           Power        Failure   Level  Hunger
a - Magic Dart            Conj           ###.         3%          1    #......

Your spell library contained the following spells:

 Spells                   Type           Power        Failure   Level  Hunger
 Searing Ray              Conj           ###...       4%          2    ###....
 Dazzling Spray           Conj/Hex       #.....       24%         3    ###....
 Iskenderun's Mystic Bla  Conj           ###.....     28%         4    #####..
 Force Lance              Conj/Tloc      #.......     61%         4    #####..
 Fulminant Prism          Conj/Hex       #.........   61%         4    #####..


Dungeon Overview and Level Annotations

Branches:
Dungeon (3/15)

Altars:


Innate Abilities, Weirdness & Mutations

You have extremely sharp teeth.
When hurt, damage is shared between your health and your magic reserves.
Your bite disrupts and absorbs the magic of your enemies.
Potions cannot restore your health.
You are immune to rotting.


Message History

Aim: a sky beast (moderately wounded)
The magic dart hits the sky beast.
The sky beast is heavily wounded.
Casting: Magic Dart (safe; 3% risk of failure)
Confirm with . or Enter, or press ? or * to list all spells.
Aiming: Magic Dart (safe; 3% risk of failure)
Press: ? - help, Shift-Dir - straight line, f/p - sky beast
Aim: a sky beast (heavily wounded)
The magic dart hits the sky beast.
The sky beast is severely wounded.
The sky beast hits you. The sky beast shocks you.
You closely miss the sky beast.
The sky beast is severely wounded.
The sky beast misses you.
You barely miss the sky beast. Your bite misses the sky beast.
The sky beast is severely wounded.
The sky beast barely misses you. The sky beast hits you.
* * * LOW HITPOINT WARNING * * *
The sky beast shocks you.
You die...

.....#...#.#....##.
#### #.............
#.#...#.#...####
#.##.##.#####
##.......#
####.......##
$....###.#.#
#...#....####
#....@..(.....
#....Y...####.
......<....#
.###.......#
#.##.#..# #. #.....
# #.$#.#. ... .#.#


You could see a sky beast.

Vanquished Creatures
  2 oozes
  A worm (D:2)
  3 dart slugs
  3 giant cockroaches
  5 goblins
  3 hobgoblins
  A quokka (D:2)
  A ball python (D:2)
  A bat (D:2)
  A frilled lizard (D:2)
  5 kobolds
  4 rats
30 creatures vanquished.

Notes
Turn   | Place    | Note
-------+----------+-------------------------------------------
     0 | D:1      | Kairos the Vine Stalker Conjurer began the quest for the
                  | Orb.
     0 | D:1      | Reached XP level 1. HP: 9/9 MP: 4/4
   235 | D:1      | Reached XP level 2. HP: 11/13 MP: 0/6
   654 | D:2      | Reached XP level 3. HP: 15/16 MP: 1/7
  1113 | D:2      | Reached skill level 1 in Maces & Flails
  1517 | D:3      | Noticed a sky beast
  1525 | D:3      | Slain by a sky beast

Vault maps used:
D:1:      nicolae_arrival_memento_mori
D:2:      first_ration
D:3:      st_stairs_6

Skill      XL: |  1  2  3 |
---------------+----------+-----
Maces & Flails | 1 |  1.1
Dodging        | |  1.7
Stealth        | |  2.5
Spellcasting   | |  2.2
Conjurations   | |  4.8

Action                   || total
-------------------------++-------
Melee: Whip              ||    24
       Bite              ||     5
 Cast: Magic Dart        ||    67
  Eat: Chunk             ||     2
Armor: Robe              ||     1
Dodge: Dodged            ||    15

Table legend:
 A = Non-vault XP
 B = Vault XP
 C = Vault XP percentage of total XP
 D = Non-vault monster count
 E = Vault monster count
 F = Vault count percentage of total count
                 A         B        C        D         E       F
            +---------+---------+-------+---------+---------+-------
      Total |      67 |       1 |   1.5 |      29 |       1 |   3.3
            +---------+---------+-------+---------+---------+-------
        D:1 |      26 |       0 |   0.0 |      11 |       0 |   0.0
        D:2 |      39 |       0 |   0.0 |      17 |       0 |   0.0
        D:3 |       2 |       1 |  33.3 |       1 |       1 |  50.0
            +---------+---------+-------+---------+---------+-------
